 Dungeon Crawl Stone Soup version 0.17-a0-1311-gbcbd859 (webtiles) character file.

1027 abixa the Frost Mage (level 8, -3/55 HPs)
             Began as a Human Ice Elementalist on June 8, 2015.
             Was a Believer of Sif Muna.
             Killed from afar by Grinder (30 damage)
             ... with an exploding inner flame
             ... hexed by the player character
             ... on level 6 of the Dungeon.
             The game lasted 00:28:17 (7546 turns).

abixa the Frost Mage (Human Ice Elementalist)       Turns: 7546, Time: 00:28:18

Health: -3/55      AC:  6    Str: 11    XL:     8   Next: 47%
Magic:  10/11      EV: 10    Int: 16    God:    Sif Muna [**....]
Gold:   242        SH:  0    Dex: 13    Spells: 4 memorised, 1 level left

rFire  . . .     SeeInvis .     b - +0 blowgun
rCold  . . .     Clarity  +     A - +0 ring mail {MR+}
rNeg   . . .     SustAt   .     (no shield)
rPois  .         Gourm    .     g - +0 helmet
rElec  .         Spirit   .     (no cloak)
rCorr  .         Warding  .     (no gloves)
rMut   .         Stasis   .     (no boots)
MR     +....                    e - amulet of clarity
Stlth  +.........               (no ring)
                                (no ring)

@: lethally poisoned (-3 -> -12), marked, somewhat resistant to hostile
enchantments, very unstealthy
A: no striking features
a: Channel Energy, Forget Spell, Renounce Religion


You were on level 6 of the Dungeon.
You worshipped Sif Muna.
Sif Muna was pleased with you.
You were not hungry.

You visited 1 branch of the dungeon, and saw 6 of its levels.

You collected 255 gold pieces.
You spent 13 gold pieces at shops.

Inventory:

Hand weapons
 a - a +0 flail of draining
 b - a +0 blowgun (weapon)
 d - a +0 hunting sling
 j - a +0 spear
Missiles
 h - 9 arrows of frost
 i - 14 bolts
 m - 71 arrows
 n - 128 stones
 q - 68 poisoned needles (quivered)
 v - 4 sling bullets of frost
 y - 10 steel bolts
 H - 8 sling bullets of flame
 I - 24 sling bullets
 L - 2 tomahawks of returning
Armour
 g - a +0 helmet (worn)
 A - a +0 ring mail of magic resistance (worn)
 E - a +0 leather armour
 J - a +0 robe
Jewellery
 e - an amulet of clarity (around neck)
Magical devices
 D - a wand of heal wounds (3)
Scrolls
 p - 2 scrolls of identify
 s - 2 scrolls of recharging
 t - 2 scrolls of noise
Potions
 f - a potion of degeneration {unknown}
 k - 2 potions of cancellation {unknown}
 u - 3 potions of flight {unknown}
 w - a potion of haste {unknown}
 x - 2 potions of resistance {unknown}
 z - a potion of poison {unknown}
 B - a potion of lignification {unknown}
 C - a potion of brilliance {unknown}
 F - a potion of agility {unknown}
 O - 2 potions of cure mutation {unknown}
Books
 G - a book of Frost

   Spells                             Type                      Level
   a - Freeze                         Ice                          1
   b - Throw Frost                    Conjuration/Ice              2
   c - Ozocubu's Armour               Charms/Ice                   3
   d - Throw Icicle                   Conjuration/Ice              4
   e - Summon Ice Beast               Ice/Summoning                4
   f - Condensation Shield            Ice                          4
 N - a book of Power

   Spells                             Type                      Level
   a - Fulminant Prism                Conjuration/Hexes            4
   b - Iskenderun's Mystic Blast      Conjuration                  4
   c - Venom Bolt                     Conjuration/Poison           5
   d - Bolt of Magma                  Conjuration/Fire/Earth       5
   e - Iron Shot                      Conjuration/Earth            6
   f - Orb of Destruction             Conjuration                  7
   g - Spellforged Servitor           Conjuration/Summoning        7
Comestibles
 c - 5 bread rations
 l - 2 beef jerkies
 r - a meat ration
 M - 5 chunks of flesh


   Skills:
 + Level 1.7 Fighting
 - Level 2.0 Dodging
 - Level 2.0 Stealth
 - Level 2.0 Spellcasting
 - Level 1.0 Conjurations
 - Level 1.2 Charms
 - Level 9.5 Ice Magic


You had one spell level left.
You knew the following spells:

 Your Spells              Type           Power        Failure   Level  Hunger
a - Freeze                Ice            ####         1%          1    #......
b - Throw Frost           Conj/Ice       ###...       12%         2    ###....
c - Ozocubu's Armour      Chrm/Ice       ###.....     21%         3    ###....
d - Condensation Shield   Ice            ####......   12%         4    #####..


Dungeon Overview and Level Annotations

Branches:
Dungeon (6/15)
 Temple: D:4-7

Altars:
Kikubaaqudgha
Nemelex Xobeh
Ru
Sif Muna
Yredelemnul

Shops:
D:5 *


Message History

The adder closely misses you.
Casting: Freeze
Confirm with . or Enter, or press ? or * to list all spells.
Aiming: Freeze
Press: ? - help, Shift-Dir - straight line, f - adder
Aim: an adder (inner flame)
You freeze the adder.
The adder explodes!
The fiery explosion engulfs the giant gecko.
The giant gecko explodes!
The fiery explosion engulfs the giant newt.
The giant newt explodes!
The fiery explosion engulfs Grinder.
Grinder is moderately wounded.
The fiery explosion engulfs the crimson imp.
The crimson imp completely resists.
The fiery explosion engulfs Grinder.
Grinder explodes!
The fiery explosion engulfs you!
Ouch! That really hurt!
You die...

#+# #+#
##.#####+###.####.#
#......†..z.......+
##§§@###..######.##
##§§§###..#####
#.§§§5.)........
##§##§##..###.##
##.##.##+## #.K+...
##(##### ##.######
#.K.....+


You could see a wight (inner flame), a crimson imp (inner flame) and a kobold.

Vanquished Creatures
  2 ogres (D:4)
  A giant frog (D:5)
  A scorpion (D:5)
  A giant frog zombie (D:5)
  An orc priest (D:5)
  4 hounds
  A gnoll shaman (D:3)
  An iguana (D:3)
  5 orc wizards
  4 worker ants
  A hound skeleton (D:4)
  A worker ant zombie (D:5)
  6 adders
  4 gnolls (D:4)
  2 shadow imps
  An adder zombie (D:4)
  2 oozes
  3 worms
  2 giant geckos
  17 orcs
  3 ball pythons
  11 bats
  6 giant cockroaches
  2 gnoll zombies (D:4)
  16 hobgoblins
  3 quokkas
  3 giant newts
  11 goblins
  9 jackals
  A jackal zombie (D:5)
  9 kobolds
  A quokka zombie (D:5)
  4 rats
139 creatures vanquished.

Notes
Turn   | Place    | Note
--------------------------------------------------------------
     0 | D:1      | abixa the Human Ice Elementalist began the quest for the Orb.
     0 | D:1      | Reached XP level 1. HP: 13/13 MP: 3/3
   306 | D:1      | Reached XP level 2. HP: 19/19 MP: 3/5
   796 | D:2      | Reached skill level 4 in Ice Magic
   796 | D:2      | Reached XP level 3. HP: 24/24 MP: 0/6
  1273 | D:2      | Reached XP level 4. HP: 23/30 MP: 3/7
  1631 | D:2      | Found a sparkling altar of Nemelex Xobeh.
  1731 | D:2      | Reached skill level 5 in Ice Magic
  1735 | D:2      | Learned a level 2 spell: Throw Frost
  1739 | D:2      | Learned a level 3 spell: Ozocubu's Armour
  2285 | D:3      | Found a sacrificial altar of Ru.
  2560 | D:3      | Reached XP level 5. HP: 28/35 MP: 6/8
  2703 | D:3      | Found a deep blue altar of Sif Muna.
  2708 | D:3      | Became a worshipper of Sif Muna the Loreminder
  2826 | D:3      | Reached skill level 1 in Charms
  3972 | D:4      | Reached skill level 6 in Ice Magic
  3972 | D:4      | Reached XP level 6. HP: 39/41 MP: 1/9
  4740 | D:4      | Found a basalt altar of Yredelemnul.
  4803 | D:4      | Noticed an ogre
  4839 | D:4      | Killed an ogre
  4839 | D:4      | Acquired Sif Muna's first power
  4839 | D:4      | Reached skill level 7 in Ice Magic
  4839 | D:4      | Reached XP level 7. HP: 46/46 MP: 10/10
  5302 | D:4      | Learned a level 4 spell: Condensation Shield
  5421 | D:3      | Reached skill level 8 in Ice Magic
  5808 | D:5      | Entered Level 5 of the Dungeon
  5818 | D:5      | Found Cuad's General Store.
  5841 | D:5      | Bought a scroll of noise for 13 gold pieces
  6257 | D:5      | Reached XP level 8. HP: 52/52 MP: 7/11
  6393 | D:5      | Acquired Sif Muna's second power
  6393 | D:5      | Reached skill level 9 in Ice Magic
  7421 | D:6      | Noticed Grinder
  7465 | D:6      | Found an ancient bone altar of Kikubaaqudgha.
  7468 | D:6      | Reached skill level 1 in Fighting
  7546 | D:6      | Killed Grinder
  7546 | D:6      | Killed from afar by Grinder

Vault maps used:
D:1:      evilmike_arrival_crescent, serial_curves, eino_curves_04,
          eino_curves_01
D:2:      nemelex_deck, minmay_misc_feat_rows
D:3:      lemuel_doored_altar, overflow_temple_1_default, first_bread
D:4:      lemuel_zombie_altar_yredelemnul, kennysheep_potato
D:5:      serial_shops, shop_statue
D:6:      nicolae_overflow_crystal_walls, kennysheep_mini_moat, enter_ossuary_5,
          uniq_grinder

Action                   |  1- 3 |  4- 6 |  7- 9 || total
-------------------------+-------+-------+-------++-------
Melee: Spear             |    77 |   163 |   108 ||   348
       Unarmed           |     3 |       |       ||     3
       Flail             |       |       |   111 ||   111
 Fire: Blowgun           |       |     7 |    14 ||    21
Throw: Stone             |     2 |     2 |     1 ||     5
 Cast: Freeze            |    23 |    38 |    48 ||   109
       Throw Frost       |       |     7 |     9 ||    16
  Use: Scroll            |       |       |     3 ||     3
 Stab: Sleeping          |     2 |     4 |     2 ||     8
       Distracted        |     1 |       |       ||     1
  Eat: Chunk             |     2 |    12 |    11 ||    25
